 Dungeon Crawl Stone Soup version 0.22.1-2-g9c5b331383 (webtiles) character file.

4250 McIrco the Shield-Bearer (level 10, -4/74 HPs)
             Began as a Demonspawn Fighter on Jan 6, 2019.
             Was a Priest of Okawaru.
             Slain by an unseen horror (5 damage)
             ... on level 7 of the Dungeon.
             The game lasted 00:21:52 (10642 turns).

McIrco the Shield-Bearer (Demonspawn Fighter)      Turns: 10642, Time: 00:21:52

Health: -4/74      AC: 15    Str: 17    XL:     10   Next: 9%
Magic:  0/10       EV: 11    Int: 10    God:    Okawaru [***...]
Gold:   513        SH: 15    Dex: 17    Spells: 9/9 levels left

rFire    . . .     SeeInvis .   a - +1 long sword
rCold    . . .     Gourm    .   c - +0 shield
rNeg     . . .     Faith    .   b - +0 scale mail
rPois    .         Spirit   +   I - +1 helmet
rElec    .         Reflect  .   u - +0 cloak
rCorr    .         Harm     .   n - +2 pair of gloves
MR       .....                  (no boots)
Stlth    ..........             (no amulet)
HPRegen  0.22/turn              (no ring)
MPRegen  0.24/turn              h - +2 ring of dexterity

@: no status effects
A: claws 2, large bone plates 1, demonic guardian 1, magic shield, magic
regeneration
a: Heroism, Renounce Religion


You were on level 7 of the Dungeon.
You worshipped Okawaru.
Okawaru was most pleased with you.
You were hungry.

You visited 1 branch of the dungeon, and saw 8 of its levels.

You collected 513 gold pieces.

Inventory:

Hand Weapons
 a - a +1 long sword (weapon)
 H - the +6 trident of Ointment {antimagic, +Fly rPois rF+ Dex-5}
   (You found it on level 8 of the Dungeon)

   It reduces the magical energy of the wielder, and disrupts the spells and
   magical abilities of those hit.
   Natural abilities and divine invocations are not affected.
   It affects your dexterity (-5).
   It protects you from fire.
   It protects you from poison.
   It lets you fly.
Missiles
 C - 4 javelins (quivered)
Armour
 b - a +0 scale mail (worn)
 c - a +0 shield (worn)
 n - a +2 pair of gloves (worn)
 t - a scarf of spirit shield
 u - a +0 cloak (worn)
 I - a +1 helmet (worn)
Jewellery
 e - an uncursed ring of stealth
 g - an uncursed ring of ice
 h - a +2 ring of dexterity (right hand)
 F - an uncursed ring of wizardry {unknown}
Wands
 o - a wand of polymorph (11)
 s - a wand of flame (46)
Scrolls
 j - a scroll of random uselessness {unknown}
 k - 3 scrolls of remove curse
 l - 2 scrolls of amnesia
 p - 4 scrolls of identify
 v - a scroll of magic mapping
 w - 2 scrolls of teleportation {unknown}
 y - a scroll of immolation {unknown}
 z - 2 scrolls of enchant armour {unknown}
 B - a scroll of fog {unknown}
 D - a scroll of blinking {unknown}
Potions
 d - 3 potions of mutation {unknown}
 i - a potion of magic
 m - a potion of haste
 q - a potion of flight {unknown}
 r - 2 potions of brilliance
 x - 4 potions of curing
 A - a potion of degeneration {unknown}
 E - 2 potions of heal wounds {unknown}
 G - a potion of experience {unknown}
Comestibles
 f - 13 rations


   Skills:
 + Level 5.0 Fighting
 + Level 6.6 Long Blades
 * Level 7.5 Armour
 * Level 4.8 Dodging
 * Level 7.7 Shields


You had 9 spell levels left.
You didn't know any spells.
Your spell library contained the following spells:

 Spells                   Type           Power        Failure   Level  Hunger
 Beastly Appendage        Tmut           #.....       96%         1    ##.....
 Confusing Touch          Hex            #.....       96%         1    ##.....
 Sandblast                Erth           #.....       96%         1    ##.....
 Passwall                 Tmut/Erth      #.......     99%         2    ###....
 Sticks to Snakes         Tmut           #.......     99%         2    ###....
 Confuse                  Hex            #.......     100%        3    ####...
 Gell's Gravitas          Tloc           #.........   100%        3    ####...
 Spider Form              Tmut/Pois      #.........   100%        3    ####...
 Stone Arrow              Conj/Erth      #.....       100%        3    ####...
 Ice Form                 Ice/Tmut       #.......     100%        4    #####..
 Petrify                  Tmut/Erth      #.......     100%        4    #####..
 Blade Hands              Tmut           #.........   100%        5    ######.
 Lee's Rapid Deconstruct  Erth           #.........   100%        5    ######.
 Metabolic Englaciation   Hex/Ice        #.........   100%        5    ######.
 Yara's Violent Unravell  Hex/Tmut       #.........   100%        5    ######.


Dungeon Overview and Level Annotations

Branches:
Dungeon (8/15)             Temple (0/1) D:6
   Lair: D:8-11

Altars:
Ashenzari
Dithmenos
Fedhas
Gozag
Kikubaaqudgha
Makhleb
Nemelex Xobeh
Okawaru
Wu Jian

Shops:
D:4 }


Innate Abilities, Weirdness & Mutations

You have very sharp fingernails.
You are partially covered in large bone plates. (SH +4)
A weak demonic guardian rushes to your aid.
When hurt, damage is shared between your health and your magic reserves.
You regenerate magic rapidly.


Message History

Your shield and scale mail prevent you from hitting the orc wizard.
The orc wizard is heavily wounded.
Something hits you but does no damage. You block the orc wizard's attack.
You slash the orc wizard!
The orc wizard is almost dead.
Something hits you but does no damage. You block the orc wizard's attack.
The orc wizard hits you but does no damage.
You hit the orc wizard.
You kill the orc wizard!
Okawaru accepts your kill. You block something's attack. Something hits you.
* * * LOW HITPOINT WARNING * * *
You block something's attack. Something hits you.
* * * LOW HITPOINT WARNING * * *
Something hits you but does no damage. Something hits you!
* * * LOW HITPOINT WARNING * * *
Something hits you.
You die...

#..........#.
######..........#.
#....#..........#.
#....#..........#.
#....#.....#'####.
#....#.....#.####.
#........###...##.
#........###...##.
#@)......+.'......
#........###......
#...>.............
####..............
#.................
#.................
#.................
#########.........
#...##.........


There were no monsters in sight!

Vanquished Creatures
  A water moccasin (D:5)
  Duvessa (D:4)
  An orc warrior (D:5)
  2 ice beasts
  A black bear (D:7)
  A phantom (D:8)
  4 ogres
  2 centaurs
  2 big kobolds
  4 bullfrogs
  Dowan (D:4)
  2 scorpions
  2 killer bees
  3 vampire bats (D:7)
  A howler monkey (D:4)
  6 crimson imps
  A bullfrog zombie (D:6)
  3 hounds
  6 orc priests
  3 orc wizards
  2 centaur skeletons
  Crazy Yiuf (D:6)
  2 jellies
  A bullfrog skeleton (D:5)
  2 iguanas
  Natasha (D:4)
  2 worker ants
  2 hound zombies
  A howler monkey zombie (D:6)
  10 adders
  2 shadow imps
  3 oozes
  5 adder skeletons
  2 worms
  A dart slug (D:4)
  4 leopard geckos
  33 orcs
  5 bats
  2 bat skeletons (D:7)
  2 bat zombies (D:7)
  9 giant cockroaches
  7 hobgoblins
  11 jackals
  2 quokkas
  5 frilled lizards
  11 goblins
  A jackal zombie (D:8)
  9 kobolds
  A quokka skeleton (D:4)
  11 rats
197 creatures vanquished.

Vanquished Creatures (collateral kills)
  Harold (D:7)
  Prince Ribbit (D:7)
  Menkaure (D:7)
  A sky beast (D:7)
  2 ogres
  A centaur (D:7)
  A killer bee (D:7)
  An orc wizard (D:6)
  A worker ant (D:7)
  An orc (D:7)
  A giant cockroach (D:6)
  A jackal (D:6)
  2 kobolds (D:7)
15 creatures vanquished.

Grand Total: 212 creatures vanquished

Notes
Turn   | Place    | Note
-------+----------+-------------------------------------------
     0 | D:1      | McIrco the Demonspawn Fighter began the quest for the Orb.
     0 | D:1      | Reached XP level 1. HP: 18/18 MP: 1/1
   103 | D:1      | Gained mutation: You have sharp fingernails. [demonic
                  | ancestry]
   103 | D:1      | Reached XP level 2. HP: 17/24 MP: 2/2
   563 | D:2      | Gained mutation: When hurt, damage is shared between your
                  | health and your magic reserves. [demonic ancestry]
   563 | D:2      | Reached XP level 3. HP: 14/29 MP: 3/3
  1057 | D:3      | Reached XP level 4. HP: 17/35 MP: 4/4
  1512 | D:4      | Found an opulent altar of Gozag.
  1683 | D:4      | Noticed an ogre
  1705 | D:4      | Killed an ogre
  1705 | D:4      | Reached skill level 1 in Dodging
  1705 | D:4      | Gained mutation: You have very sharp fingernails. [demonic
                  | ancestry]
  1705 | D:4      | Reached XP level 5. HP: 13/41 MP: 3/5
  1942 | D:4      | Found a blossoming altar of Fedhas.
  2049 | D:4      | Noticed Duvessa
  2049 | D:4      | Noticed Dowan
  2072 | D:4      | Killed Duvessa
  2072 | D:4      | Reached XP level 6. HP: 36/47 MP: 3/6
  2092 | D:4      | Killed Dowan
  2198 | D:5      | Entered Level 5 of the Dungeon
  2668 | D:5      | Noticed a water moccasin
  2683 | D:5      | Killed a water moccasin
  2683 | D:5      | Reached skill level 5 in Armour
  2683 | D:5      | Gained mutation: You regenerate magic rapidly. [demonic
                  | ancestry]
  2683 | D:5      | Reached XP level 7. HP: 18/52 MP: 3/7
  2809 | D:5      | Found a shattered altar of Ashenzari.
  3556 | D:5      | Found an ornate altar of the Wu Jian Council.
  4291 | D:5      | Reached skill level 5 in Shields
  4291 | D:5      | Gained mutation: A weak demonic guardian rushes to your
                  | aid. [demonic ancestry]
  4291 | D:5      | Reached XP level 8. HP: 60/60 MP: 8/8
  5193 | D:7      | Noticed Prince Ribbit
  5209 | D:7      | Reached skill level 5 in Long Blades
  5448 | D:7      | Found an iron altar of Okawaru.
  5471 | D:7      | Became a worshipper of Warmaster Okawaru
  5561 | D:7      | Killed Prince Ribbit
  5579 | D:7      | Gained mutation: You are partially covered in large bone
                  | plates. (SH +4) [demonic ancestry]
  5579 | D:7      | Reached XP level 9. HP: 32/66 MP: 6/9
  5756 | D:7      | Noticed Menkaure
  5760 | D:7      | Killed Menkaure
  5851 | D:7      | Reached * piety under Okawaru
  6312 | D:7      | Noticed Harold
  6344 | D:7      | Killed Harold
  6344 | D:7      | Reached ** piety under Okawaru
  6708 | D:6      | Found a runed door.
  6712 | D:6      | Noticed Crazy Yiuf
  6723 | D:6      | Killed Crazy Yiuf
  6959 | D:6      | Found a staircase to the Ecumenical Temple.
  7322 | D:7      | Found a shadowy altar of Dithmenos.
  7454 | D:7      | Reached *** piety under Okawaru
  7467 | D:7      | Found an ancient bone altar of Kikubaaqudgha.
  7827 | D:4      | Found Vuplelae's Gadget Shoppe.
  7962 | D:2      | Found a sparkling altar of Nemelex Xobeh.
  9027 | D:2      | Found a burning altar of Makhleb.
 10095 | D:4      | Reached XP level 10. HP: 67/73 MP: 8/10
 10132 | D:4      | Noticed Natasha
 10138 | D:4      | Killed Natasha
 10450 | D:8      | Got an encrusted trident
 10458 | D:8      | Identified the +6 trident of Ointment {antimagic, +Fly
                  | rPois rF+ Dex-5} (You found it on level 8 of the Dungeon)
 10497 | D:8      | Reached skill level 5 in Fighting
 10641 | D:7      | HP: 1/74 [something (7)]
 10642 | D:7      | Slain by an unseen horror

Skill      XL: |  1  2  3  4  5  6  7  8  9 10 |
---------------+-------------------------------+-----
Long Blades    | 2 3 4 5 6 |  6.6
Armour         | 3 4 5 6 7 |  7.5
Shields        | 3 4 5 6 7 |  7.7
Dodging        | 1 2 3 4 |  4.8
Fighting       | 4 5 |  5.0

Action                   |  1- 3 |  4- 6 |  7- 9 | 10-12 || total
-------------------------+-------+-------+-------+-------++-------
Melee: Long sword        |   119 |   204 |   753 |   107 ||  1183
Evoke: Wand              |       |     1 |       |       ||     1
  Use: Potion            |       |       |     7 |       ||     7
       Scroll            |       |       |     6 |       ||     6
 Stab: Sleeping          |       |     1 |       |       ||     1
       Distracted        |       |       |     5 |       ||     5
  Eat: Chunk             |       |     5 |    20 |     1 ||    26
       Ration            |       |       |     2 |       ||     2
Armor: Scale mail        |    76 |    89 |   242 |    61 ||   468
       Skin              |       |       |    16 |       ||    16
Dodge: Dodged            |    41 |    68 |   230 |    38 ||   377
Block: Shield            |    88 |   103 |   537 |   101 ||   829
       Rpst.: Long sword |    16 |    26 |    76 |    10 ||   128
